 Dungeon Crawl Stone Soup version 0.31.0-11-ge490571c62 (webtiles) character file.

Game seed: 8354757228698594161

3861 ygpa the Cleaver (level 10, -6/135 HPs)
             Began as a Hill Orc Berserker on Feb 4, 2024.
             Was a Believer of Trog.
             Mangled by a vault guard
             ... wielding a +0 broad axe
              (14 damage)
             ... in a bailey.
             The game lasted 00:41:48 (3404 turns).

ygpa the Cleaver (Hill Orc Berserker)               Turns: 3404, Time: 00:41:49

Health: -6/135     AC: 13    Str: 25    XL:     10   Next: 18%
Magic:  10/10      EV:  6    Int:  7    God:    Trog [**....]
Gold:   187        SH:  8    Dex: 10    Spells: 9/9 levels left

rFire   . . .        v - +2 hand axe (heavy)
rCold   . . .        m - +0 kite shield
rNeg    . . .        d - +0 plate armour
rPois   .            (no helmet)
rElec   .            (no cloak)
rCorr   +            (no gloves)
SInv    .            (no boots)
Will    .....        (no amulet) Stlth
                     i - ring of resist corrosion
HPRegen 0.42/turn    (no ring)
MPRegen 0.12/turn

%: no passive effects
@: berserking, very quick
A: no striking features
a: Renounce Religion, Berserk, Trog's Hand


You were in a bailey.
You worshipped Trog.
Trog was pleased with you.
You visited 1 branch of the dungeon, and saw 7 of its levels.
You also visited: Bailey.

You collected 187 gold pieces.

Inventory:

Hand Weapons
 a - a +0 hand axe
 b - a +0 mace
 h - a +0 flail
 k - a +0 war axe
 l - a +1 whip of freezing
 s - a +1 morningstar
 t - a +1 great sword
 v - a +2 heavy hand axe (weapon)
 w - a +0 broad axe
Armour
 d - a +0 plate armour (worn)
 m - a +0 kite shield (worn)
Jewellery
 i - a ring of resist corrosion (left hand)
Scrolls
 c - 2 scrolls of teleportation {unknown}
 e - a scroll of summoning {unknown}
 f - a scroll of amnesia {unknown}
 j - 2 scrolls of identify {unknown}
 n - a scroll of fog {unknown}
 o - 5 scrolls of fear {unknown}
 p - a scroll of brand weapon {unknown}
 q - a scroll of blinking {unknown}
 u - a scroll of enchant armour {unknown}
Potions
 g - a potion of curing
 r - a potion of degeneration {unknown}
 x - a potion of heal wounds
 z - a potion of might {unknown}
 A - a potion of haste {unknown}
 B - a potion of mutation {unknown}


   Skills:
 + Level 8.5 Fighting
 + Level 12.0(12.5) Axes
 + Level 4.3(7.8) Maces & Flails
 + Level 7.8 Armour
 + Level 2.0 Dodging
 + Level 1.6 Stealth
 + Level 4.2 Shields


You had 9 spell levels left.
You didn't know any spells.
Your spell library contained the following spells:

 Spells                   Type           Power      Damage    Failure   Level
 Ensorcelled Hibernation  Hex/Ice        0%         N/A       100%        2
 Fugue of the Fallen      Necr           0%         N/A       100%        3
 Anguish                  Hex/Necr       0%         N/A       100%        4


Dungeon Overview and Level Annotations

Branches:
Dungeon (7/15)             Bailey (1/1)
 Temple: D:4-7

Altars:
Elyvilon
Fedhas
Trog


Message History

The vault guard is moderately wounded.
The vault guard barely misses you.
You closely miss the vault guard.
The vault guard is moderately wounded.
The vault guard hits you but does no damage.
You barely miss the vault guard.
The vault guard is moderately wounded.
You block the vault guard's attack.
You hit the vault guard but do no damage.
The vault guard is moderately wounded.
The vault guard hits you with a +0 broad axe!!
You hit the vault guard but do no damage.
The vault guard is moderately wounded.
You block the vault guard's attack.
The vault guard hits you with a +0 broad axe!
You hit the vault guard but do no damage.
The vault guard is moderately wounded.
The vault guard hits you with a +0 broad axe!
* * * LOW HITPOINT WARNING * * *
A red film seems to cover your vision as you go berserk!
You feel yourself moving faster!
You feel mighty!
The vault guard hits you with a +0 broad axe!
* * * LOW HITPOINT WARNING * * *
You are too berserk!
You slice the vault guard!!
The vault guard is heavily wounded.
The vault guard hits you with a +0 broad axe!
* * * LOW HITPOINT WARNING * * *
You barely miss the vault guard.
The vault guard is heavily wounded.
The vault guard hits you with a +0 broad axe.
* * * LOW HITPOINT WARNING * * *
You are too berserk!
Okay, then.
You closely miss the vault guard.
The vault guard is heavily wounded.
You barely miss the vault guard.
The vault guard is heavily wounded.
The vault guard hits you with a +0 broad axe!
You die...

#.......#............#..#...
#....∩..[......~~~~..'†.#...
#.......#....~~≈≈≈≈~~#.....#
##.....##.~.~≈≈####≈≈#....##
#######~..~≈###??#########
#~~~.≈## ...# ##~~.≈# ...~#
##~.≈#..~~# ###@p.~# ######


You could see a vault guard.

Vanquished Creatures
  A vault guard (Bailey)
  Pikel (D:5)
  Grinder (D:6)
  Prince Ribbit (Bailey)
  4 humans (Bailey)
  A steam dragon (D:6)
  3 sky beasts
  An orc warrior (Bailey)
  A black bear (D:5)
  An ogre (D:6)
  2 lemures (D:5)
  8 bullfrogs
  A scorpion (D:6)
  4 wights (D:7)
  4 hounds
  3 sleepcaps
  4 iguanas
  4 orc wizards
  3 adders
  2 gnolls (Bailey)
  A shadow imp (D:6)
  A white imp (D:7)
  2 ufetubi (D:6)
  2 dart slugs
  A ribbon worm (D:5)
  12 orcs
  2 bats (D:1)
  2 endoplasms (D:2)
  A giant cockroach (D:1)
  3 goblins
  A hobgoblin (D:1)
  5 kobolds (D:1)
  2 rats
85 creatures vanquished.

Notes
Turn   | Place    | Note
-------+----------+-------------------------------------------
     0 | D:1      | ygpa the Hill Orc Berserker began the quest for the Orb.
     0 | D:1      | Reached XP level 1. HP: 19/19 MP: 1/1
   111 | D:1      | Reached XP level 2. HP: 27/27 MP: 2/2
   680 | D:3      | Reached XP level 3. HP: 34/34 MP: 3/3
   690 | D:3      | Reached skill level 1 in Maces & Flails
   694 | D:3      | Reached ** piety under Trog
   722 | D:3      | Reached skill level 5 in Axes
   722 | D:3      | Reached XP level 4. HP: 26/41 MP: 4/4
   769 | D:3      | Found a blossoming altar of Fedhas.
   770 | D:3      | Found a white marble altar of Elyvilon.
   772 | D:3      | Found a bloodstained altar of Trog.
   887 | D:5      | Entered Level 5 of the Dungeon
   893 | D:5      | Reached XP level 5. HP: 34/47 MP: 5/5
  1099 | D:5      | Reached XP level 6. HP: 44/55 MP: 6/6
  1107 | D:5      | Reached skill level 5 in Fighting
  1454 | D:5      | Noticed a black bear
  1463 | D:5      | Killed a black bear
  1646 | D:5      | Noticed Pikel
  1657 | D:5      | Killed Pikel
  1658 | D:5      | Reached skill level 7 in Axes
  1658 | D:5      | Reached XP level 7. HP: 51/62 MP: 7/7
  1949 | D:6      | Reached XP level 8. HP: 38/70 MP: 8/8
  1988 | D:6      | Reached skill level 8 in Axes
  2014 | D:6      | Reached skill level 5 in Armour
  2232 | D:6      | Noticed Grinder
  2239 | D:6      | Paralysed by Grinder for 5 turns
  2247 | D:6      | Paralysed by Grinder for 3 turns
  2266 | D:6      | Paralysed by Grinder for 5 turns
  2275 | D:6      | Killed Grinder
  2276 | D:6      | Reached skill level 9 in Axes
  2276 | D:6      | Reached skill level 1 in Shields
  2465 | D:6      | Reached skill level 1 in Stealth
  2883 | D:7      | Reached skill level 10 in Axes
  2883 | D:7      | Reached XP level 9. HP: 74/79 MP: 9/9
  3061 | D:7      | Found a flagged portal.
  3086 | Bailey   | Entered a bailey
  3109 | Bailey   | Reached *** piety under Trog
  3135 | Bailey   | Reached skill level 11 in Axes
  3325 | Bailey   | Noticed a vault guard
  3325 | Bailey   | Noticed Prince Ribbit
  3341 | Bailey   | Killed a vault guard
  3342 | Bailey   | Reached XP level 10. HP: 55/90 MP: 10/10
  3349 | Bailey   | Killed Prince Ribbit
  3350 | Bailey   | Reached skill level 12 in Axes
  3388 | Bailey   | Noticed a vault guard
  3404 | Bailey   | Mangled by a vault guard

Illustrated notes

Levels and vault maps discovered:
D:1:      dpeg_arrival_rhombus, layout_basic, serial_park_tiny_2,
          serial_bayou_pond_e
D:2:      layout_basic, kennysheep_generic_room_8
D:3:      layout_basic, grunt_temple_overflow_open
D:4:      layout_rooms, mainiacjoe_overflow_small_starburst,
          overflow_temple_1_default, minmay_temple_entry_offerings,
          minmay_misc_feat_x
D:5:      layout_basic, nicolae_figureground_pulse, uniq_pikel
D:6:      layout_basic, minmay_misc_feat_roman, uniq_grinder
D:7:      layout_basic, enter_bailey_2
Bailey:   bailey_axe_froggy_fort_hellmonk, bailey

Skill      XL: |  1  2  3  4  5  6  7  8  9 10 |
---------------+-------------------------------+-----
Fighting       | 4 5 6 7 8 |  8.5
Maces & Flails | 1 2 3 4 |  4.3
Axes           | 5 7 10 11 12 | 12.0
Armour         | 3 4 5 7 |  7.8
Dodging        | 2 |  2.0
Shields        | 1 4 |  4.2
Stealth        | 1 |  1.6

Action                     |  1- 3 |  4- 6 |  7- 9 | 10-12 || total
---------------------------+-------+-------+-------+-------++-------
  Melee: Hand axe          |    27 |       |    34 |    15 ||    76
         Mace              |    16 |    28 |       |       ||    44
         Flail             |    35 |    67 |       |       ||   102
         Punch             |     1 |     3 |       |       ||     4
         War axe           |       |    27 |   136 |       ||   163
 Invoke: Berserk           |     1 |     2 |     5 |     1 ||     9
         Trog's Hand       |       |       |     2 |       ||     2
    Use: Potion            |       |       |     5 |     1 ||     6
   Stab: Invisible         |       |       |     3 |       ||     3
 Armour: Plate armour      |    71 |   164 |   202 |    13 ||   450
         Animal skin       |     4 |       |       |       ||     4
  Dodge: Dodged            |    17 |    62 |    56 |     3 ||   138
  Block: Kite shield       |       |       |    67 |     3 ||    70
